 Dungeon Crawl Stone Soup version 0.29-a0-8-g0446c0dae4 (webtiles) character file.

Game seed: 14582369787343745229

18 issech the Cudgeller (level 2, -5/29 HPs)
             Began as a Troll Monk on Jan 27, 2022.
             Slain by Sigmund (13 damage)
             ... on level 2 of the Dungeon.
             The game lasted 00:01:44 (572 turns).

issech the Cudgeller (Troll Monk)                    Turns: 572, Time: 00:01:45

Health: -5/29      AC:  4    Str: 18    XL:     2   Next: 51%
Magic:  1/1        EV: 10    Int:  6    God:
Gold:   43         SH:  0    Dex: 12    Spells: 1/1 levels left

rFire   . . .      SeeInvis .   a - +0 mace
rCold   . . .      Faith    .   (no shield)
rNeg    . . .      Spirit   .   b - +0 robe
rPois   .          Reflect  .   (helmet restricted)
rElec   .          Harm     .   (no cloak)
rCorr   .          Rampage  .   (gloves unavailable)
Will    .....                   (boots unavailable)
Stlth   ++........              (no amulet)
HPRegen 0.89/turn               (no ring)
MPRegen 0.07/turn               (no ring)

@: no status effects
A: large, unfitting armour, claws 3, regeneration 1, shaggy fur 1, tough skin 1
a: no special abilities


You were on level 2 of the Dungeon.
You visited 1 branch of the dungeon, and saw 2 of its levels.

You collected 43 gold pieces.

Inventory:

Hand Weapons
 a - a +0 mace (weapon)
Missiles
 e - 23 arrows
 g - 6 boomerangs (quivered)
 i - 2 poisoned darts
Armour
 b - a +0 robe (worn)
Jewellery
 j - a ring of wizardry
Scrolls
 h - 2 scrolls of identify {unknown}
Potions
 c - 3 potions of might {unknown}
 d - a potion of mutation {unknown}
 f - a potion of heal wounds {unknown}


   Skills:
 + Level 2.5 Fighting
 + Level 3.1 Maces & Flails
 + Level 2.7 Dodging
 + Level 1.0 Stealth


You had one spell level left.
You didn't know any spells.
Your spell library contained the following spells:

 Spells                   Type           Power      Damage    Failure   Level
 Ensorcelled Hibernation  Hex/Ice        0%         N/A       58%         2
 Passwall                 Tmut/Erth      0%         N/A       58%         2
 Swiftness                Air            0%         N/A       83%         3


Dungeon Overview and Level Annotations

Branches:
Dungeon (2/15)

Altars:

Annotations:
D:2 Sigmund


Innate Abilities, Weirdness & Mutations

You are too large for most types of armour.
You have claws for hands.
Your natural rate of healing is unusually fast.
You are covered in fur. (AC +1)
You have tough skin. (AC +1)


Message History

You hit the endoplasm but do no damage. The endoplasm misses you.
You barely miss the endoplasm. The endoplasm freezes you.
You are frozen.
You hit the endoplasm.
The endoplasm is almost dead.
The endoplasm barely misses you.
You hit the endoplasm.
You kill the endoplasm!
Found a leather armour.
You open the door.
Sigmund the Dreaded comes into view.
He is wielding a +4 scythe of distortion.
There is an open door here.
The helpless Sigmund fails to defend himself.
You sock Sigmund!
Sigmund is moderately wounded.
Sigmund closely misses you.
You hit Sigmund.
Sigmund is heavily wounded.
Sigmund gestures at you while chanting. You resist with significant effort.
You thump Sigmund!
Sigmund is severely wounded.
Sigmund barely misses you.
You hit Sigmund.
Sigmund is severely wounded.
Sigmund hits you with a +4 scythe of distortion!
Ouch! That really hurt!
You blink.
Unknown command.
Sigmund completely misses you.
Sigmund hits you with a +4 scythe of distortion.
You closely miss Sigmund.
Sigmund is severely wounded.
You hit Sigmund.
Sigmund is severely wounded.
Sigmund hits you with a +4 scythe of distortion!
* * * LOW HITPOINT WARNING * * *
Sigmund hits you from afar with a +4 scythe of distortion!
You die...

#+# #.### #.#..
#.#.###########
#.#.#....<....#
#.#.#.#####.#.#
##.####'#.#.#.....#
.....[...@.@..#
...........####
...........+
...........#
#########+##


You could see Sigmund.

Vanquished Creatures
  3 ball pythons (D:1)
  4 endoplasms
  2 giant cockroaches (D:1)
  3 goblins (D:1)
  A bat (D:1)
  A frilled lizard (D:1)
  A kobold (D:1)
  2 rats (D:1)
17 creatures vanquished.

Notes
Turn   | Place    | Note
-------+----------+-------------------------------------------
     0 | D:1      | issech the Troll Monk began the quest for the Orb.
     0 | D:1      | Reached XP level 1. HP: 22/22 MP: 0/0
   117 | D:1      | Reached XP level 2. HP: 29/29 MP: 1/1
   184 | D:1      | Reached skill level 3 in Maces & Flails
   559 | D:2      | Noticed Sigmund
   572 | D:2      | Slain by Sigmund

Illustrated notes

Levels and vault maps discovered:
D:1:      roderic_dead_forest, layout_rooms, grunt_decor_resistance,
          corner_web_ring, minmay_split_cup_small
D:2:      layout_basic, uniq_sigmund

Skill      XL: |  1  2 |
---------------+-------+-----
Maces & Flails | 3 |  3.1
Fighting       | |  2.5
Dodging        | |  2.7
Stealth        | |  1.0

Action                   || total
-------------------------++-------
Melee: Mace              ||    46
       Punch             ||     1
 Stab: Sleeping          ||     2
Armor: Robe              ||    28
Dodge: Dodged            ||    37

Table legend: (Time is in decaauts)
 A = Elapsed time spent in this place.
 B = Non-inter-level travel time spent in this place.
 C = Inter-level travel time spent in this place.
 D = Time resting spent in this place.
 E = Time spent auto-exploring this place.
 F = Levels seen in this place.
 G = Mean time per level.
                   A        B        C        D        E       F      G
               +--------+--------+--------+--------+--------+-----+--------+
         Total |    583 |    583 |      0 |      0 |    318 |   2 |  291.5 |
       Dungeon |    583 |    583 |      0 |      0 |    318 |   2 |  291.5 |
               +--------+--------+--------+--------+--------+-----+--------+

Top non-repeatable levels by time:
     D:1: 552 daAuts
     D:2: 31 daAuts
